 Dungeon Crawl Stone Soup version 0.22-a0-833-g8522bf8 (webtiles) character file.

40 Amnesiac the Magician (level 3, -6/24 HPs)
             Began as a Mummy Earth Elementalist on July 25, 2018.
             Mangled by an ogre
             ... wielding a +0 giant spiked club
              (20 damage)
             ... on level 4 of the Dungeon.
             The game lasted 00:01:24 (752 turns).

Amnesiac the Magician (Mummy Earth Elementalist)     Turns: 752, Time: 00:01:25

Health: -6/24      AC:  2    Str: 11    XL:     3   Next: 30%
Magic:  12/16      EV: 12    Int: 15    God:
Gold:   94         SH:  0    Dex: 12    Spells: 2/8 levels left

rFire    x . .     SeeInvis .   (no weapon)
rCold    + . .     Gourm    .   (no shield)
rNeg     + + +     Faith    .   c - +0 robe
rPois    ∞         Spirit   .   (no helmet)
rElec    .         Reflect  .   (no cloak)
rCorr    .         Harm     .   (no gloves)
MR       .....                  (no boots)
Stlth    ++........             (no amulet)
HPRegen  0.08/turn              (no ring)
MPRegen  0.15/turn              d - ring of magical power

@: no status effects
A: no food or potions, fire vulnerability, cold resistance 1, negative energy
resistance 3, torment resistance, unbreathing
a: no special abilities


You were on level 4 of the Dungeon.
You were not hungry.

You visited 1 branch of the dungeon, and saw 4 of its levels.

You collected 94 gold pieces.

Inventory:

Missiles
 b - 22 stones (quivered)
Armour
 c - a +0 robe (worn)
Jewellery
 d - a ring of magical power (right hand)
Scrolls
 a - 2 scrolls of identify {!r, unknown}
 e - 2 scrolls of remove curse {!r, unknown}
 f - a scroll of teleportation {!r, unknown}


   Skills:
 - Level 1.5 Dodging
 - Level 1.5 Stealth
 + Level 3.4 Spellcasting
 - Level 0.7 Transmutations
 * Level 3.3 Earth Magic


You had 2 spell levels left.
You knew the following spells:

 Your Spells              Type           Power        Failure   Level  Hunger
a - Sandblast             Erth           ##....       4%          1    N/A
b - Passwall              Tmut/Erth      #.......     13%         2    N/A
c - Stone Arrow           Conj/Erth      #.....       28%         3    N/A

Your spell library contained the following spells:

 Spells                   Type           Power        Failure   Level  Hunger
 Lee's Rapid Deconstruct  Erth           ##........   80%         5    N/A
 Petrify                  Tmut/Erth      #.......     63%         4    N/A

Dungeon Overview and Level Annotations

Branches:
Dungeon (4/15)
 Temple: D:4-7

Altars:


Innate Abilities, Weirdness & Mutations

You do not eat or drink.
Your flesh is vulnerable to fire.
You are immune to poison.
Your flesh is cold resistant. (rC+)
You are immune to negative energy. (rN+++)
You are immune to unholy pain and torment.
You can survive without breathing.


Message History

You now have 60 gold pieces (gained 15).
You now have 66 gold pieces (gained 6).
A ball python comes into view.
A ball python is nearby!
No target in view!
No target in view!
There is a stone staircase leading up here.
The ball python hisses angrily.
You hit the ball python.
The ball python is heavily wounded.
The ball python bites you. The ball python barely misses you.
You hit the ball python.
You kill the ball python!
No target in view!
No target in view!
No target in view!
There is a stone staircase leading up here.
You climb upwards.
There is a stone staircase leading down here.
You now have 83 gold pieces (gained 17).
e - 2 scrolls labeled VIBYGA XUTRU {!r} (gained 1)
There is a stone staircase leading down here.
You climb downwards.
There is a stone staircase leading up here.
You now have 94 gold pieces (gained 11).
An ogre comes into view. It is wielding a giant spiked club.
An ogre is nearby!
The ogre shouts!
Casting: Sandblast (safe; 4% risk of failure)
Confirm with . or Enter, or press ? or * to list all spells.
Aiming: Sandblast (safe; 4% risk of failure)
Press: ? - help, Shift-Dir - straight line, f - ogre
Aim: an ogre, wielding a giant spiked club The blast of sand hits the ogre.
The ogre is lightly wounded.
b - 25 stones
Casting: Sandblast (safe; 4% risk of failure)
Confirm with . or Enter, or press ? or * to list all spells.
Aiming: Sandblast (safe; 4% risk of failure)
Press: ? - help, Shift-Dir - straight line, f/p - ogre
Aim: an ogre, wielding a giant spiked club (lightly wounded)
The blast of sand hits the ogre.
The ogre is moderately wounded.
b - 24 stones
Casting: Sandblast (safe; 4% risk of failure)
Confirm with . or Enter, or press ? or * to list all spells.
Aiming: Sandblast (safe; 4% risk of failure)
Press: ? - help, Shift-Dir - straight line, f/p - ogre
Aim: an ogre, wielding a giant spiked club (moderately wounded)
The blast of sand hits the ogre.
The ogre is severely wounded.
b - 23 stones The ogre hits you with a giant spiked club!
Casting: Sandblast (safe; 4% risk of failure)
Confirm with . or Enter, or press ? or * to list all spells.
Aiming: Sandblast (safe; 4% risk of failure)
Press: ? - help, Shift-Dir - straight line, f/p - ogre
Aim: an ogre, wielding a giant spiked club (severely wounded)
The blast of sand hits the ogre.
The ogre is almost dead.
b - 22 stones The ogre hits you with a giant spiked club!!
Ouch! That really hurt!
You die...

#.# #.# #.# #.# #.# #.# #.# #.#
#.#...# #.# #.# #.#.#.# #.# #.#
#.#.#.# #.# #.# #.#.#.# #.# #.#
#O#.#.# #.# #.# #@#.#.###.# #.#
#.#.#.....# #.# #.........# #.#
##################.####.#####.#
...................# #.......#
##################.# #.#######
### ###


You could see an ogre.

Vanquished Creatures
  A hound zombie (D:3)
  An adder (D:3)
  A ball python (D:4)
  A giant cockroach (D:2)
  2 hobgoblins
  2 jackals (D:2)
  4 bats (D:1)
  A frilled lizard (D:1)
  2 goblins
  2 kobolds (D:1)
17 creatures vanquished.

Notes
Turn   | Place    | Note
-------+----------+-------------------------------------------
     0 | D:1      | Amnesiac the Mummy Earth Elementalist began the quest for the Orb.
     0 | D:1      | Reached XP level 1. HP: 13/13 MP: 4/4
   349 | D:1      | Reached XP level 2. HP: 19/19 MP: 3/5
   354 | D:1      | Learned a level 2 spell: Passwall
   513 | D:3      | Reached XP level 3. HP: 19/24 MP: 7/7
   518 | D:3      | Learned a level 3 spell: Stone Arrow
   746 | D:4      | Noticed an ogre
   752 | D:4      | Mangled by an ogre

Vault maps used:
D:1:      tarquinn_simple_flora_water_c
D:2:      overflow_temple_1_default, nicolae_qazlal_general_emergency,
          grunt_ministairs_8, columned_hall_lemuel, uniq_terence
D:3:      grunt_temple_overflow_order_and_chaos_2, lemuel_doored_altar,
          nicolae_overflow_crystal_walls, first_ration
D:4:      minmay_temple_entry_poolview

Skill      XL: |  1  2 |
---------------+-------+-----
Spellcasting   | 3 |  3.4
Earth Magic    | 3 |  3.3
Dodging        | |  1.5
Stealth        | |  1.5
Transmutations | |  0.7

Action                   || total
-------------------------++-------
Melee: Unarmed           ||     6
 Cast: Sandblast         ||    27
Armor: Robe              ||     2
Dodge: Dodged            ||     7

Table legend:
 A = Spawn XP
 B = Non-spawn XP
 C = Spawn XP percentage of total XP
 D = Spawn monster count
 E = Non-spawn monster count
 F = Spawn count percentage of total count
 G = Total turns spent on level
                    A         B        C        D         E        F      G
               +---------+---------+-------+---------+---------+-------+---------
         Total |       0 |      58 |   0.0 |       0 |      17 |   0.0 |   752
               +---------+---------+-------+---------+---------+-------+---------
           D:1 |       0 |      12 |   0.0 |       0 |       9 |   0.0 |   361
           D:2 |       0 |       9 |   0.0 |       0 |       5 |   0.0 |   137
           D:3 |       0 |      35 |   0.0 |       0 |       2 |   0.0 |    87
           D:4 |       0 |       2 |   0.0 |       0 |       1 |   0.0 |   167
               +---------+---------+-------+---------+---------+-------+---------
